 Dungeon Crawl Stone Soup version 0.31-a0-986-g5e6e4ef867 (webtiles) character file.

Game seed: 4802319630309974950

34930 FakeRyeBread the Brawler (level 13, -1/131 HPs)
             Began as a Troll Fighter on Nov 9, 2023.
             Was an Elder of Wu Jian.
             Slain by a yak (14 damage)
             ... on level 4 of the Lair of Beasts.
             The game lasted 00:41:03 (14477 turns).

FakeRyeBread the Brawler (Troll Fighter)           Turns: 14477, Time: 00:41:04

Health: -1/131     AC:  5    Str: 33    XL:     13   Next: 44%
Magic:  12/12      EV: 16    Int:  8    God:    Wu Jian [****..]
Gold:   446        SH: 15    Dex:  9    Spells: 12/12 levels left

rFire   . .          .
                       - Unarmed
rCold   . . .        b - +5 kite shield
rNeg    . . .        a - +0 robe
rPois   .            (helmet restricted)
rElec   .            k - +0 cloak
rCorr   .            (gloves unavailable)
SInv    +            (boots unavailable)
Will    .....        i - amulet of the acrobat
Stlth   +            n - ring of see invisible
HPRegen 1.21/turn    t - +6 ring of strength
MPRegen 0.13/turn

%: acrobat
@: exhausted, in a heavenly storm, glowing
A: large, unfitting armour, claws 3, regeneration 1, shaggy fur 1, tough skin 1
a: Renounce Religion, Wall Jump, Serpent's Lash


You were on level 4 of the Lair of Beasts.
You worshipped Wu Jian.
Wu Jian was greatly pleased with you.
You visited 3 branches of the dungeon, and saw 17 of its levels.

You collected 922 gold pieces.
You spent 476 gold pieces at shops.

Inventory:

Missiles
 e - 34 poisoned darts
 m - 119 stones
 o - 7 javelins
 w - 17 boomerangs
 I - 4 curare-tipped darts
 N - 5 throwing nets
 S - 9 large rocks
Armour
 a - a +0 robe (worn)
 b - a +5 kite shield (worn)
 k - a +0 cloak (worn)
 z - a scarf of harm
Jewellery
 g - a ring of ice
 i - an amulet of the acrobat (around neck)
 n - a ring of see invisible (left claw)
 t - a +6 ring of strength (right claw)
 C - a ring of ice
 T - a ring of flight
 V - an amulet of guardian spirit
Wands
 p - a wand of flame (25) (quivered)
 u - a wand of roots (8)
 y - a wand of charming (13)
 A - a wand of mindburst (26)
 K - a wand of digging (10)
 W - a wand of acid (4)
Scrolls
 j - 4 scrolls of vulnerability
 l - 5 scrolls of teleportation
 r - 2 scrolls of amnesia
 v - 2 scrolls of blinking
 E - a scroll of revelation
 F - 2 scrolls of silence
 H - 6 scrolls of poison
 L - 2 scrolls of noise
 M - a scroll of immolation
 O - 3 scrolls of identify
 P - a scroll of summoning
 Q - 2 scrolls of fog
 U - a scroll of torment
Potions
 c - 3 potions of might
 d - 2 potions of ambrosia
 f - 2 potions of heal wounds
 h - a potion of cancellation
 q - 3 potions of enlightenment
 s - 3 potions of haste
 x - 5 potions of lignification
 B - 3 potions of attraction
 D - 2 potions of berserk rage
 G - 2 potions of resistance
 J - 5 potions of curing
Miscellaneous
 R - a phial of floods


   Skills:
 + Level 9.5 Fighting
 + Level 8.1 Dodging
 + Level 10.4 Shields
 * Level 15.3 Unarmed Combat


You had 12 spell levels left.
You didn't know any spells.
Your spell library contained the following spells:

 Spells                   Type           Power      Damage    Failure   Level
 Magic Dart               Conj           0%         1d3       54%         1
 Shock                    Conj/Air       0%         1d3       54%         1
 Blink                    Tloc           0%         N/A       69%         2
 Call Imp                 Summ           0%         N/A       69%         2
 Lesser Beckoning         Tloc           0%         N/A       69%         2
 Momentum Strike          Conj/Tloc      0%         3d8       69%         2
 Wereblood                Tmut           0%         N/A       69%         2
 Call Canine Familiar     Summ           0%         N/A       89%         3
 Mephitic Cloud           Conj/Pois/Air  0%         N/A       89%         3
 Ozocubu's Armour         Ice            0%         N/A       89%         3
 Sigil of Binding         Hex            0%         N/A       89%         3
 Dimensional Bullseye     Hex/Tloc       0%         N/A       100%        4
 Leda's Liquefaction      Hex/Erth       0%         N/A       100%        4
 Manifold Assault         Tloc           0%         N/A       100%        4
 Irradiate                Conj/Tmut      0%         3d11      100%        5
 Metabolic Englaciation   Hex/Ice        0%         N/A       100%        5
 Simulacrum               Ice/Necr       0%         N/A       100%        6


Dungeon Overview and Level Annotations

Branches:
Dungeon (12/15)            Temple (1/1) D:6            Lair (4/5) D:9
  Swamp (0/4) Lair:2        Snake (0/4) Lair:2          Orc (0/2) D:11
  Slime: Lair:4-5

Altars:
Ashenzari
Cheibriados
Dithmenos
Elyvilon
Fedhas
Gozag
Hepliaklqana
Kikubaaqudgha
Makhleb
Nemelex Xobeh
Okawaru
Qazlal
Ru
Sif Muna
Trog
Uskayaw
Vehumet
Wu Jian
Xom
Yredelemnul
Zin
The Shining One

Shops:
D:2 (   D:3 [(!(   D:4 *   D:8 !*(*   D:10 **(   D:11 *

Annotations:
D:10 3 runed translucent doors, exclusion: obsidian statue, javelincjr's ghost, journeyman DsSh


Innate Abilities, Weirdness & Mutations

You are too large for most types of armour.
You have claws for hands.
Your natural rate of healing is unusually fast.
You are covered in fur. (AC +1)
You have tough skin. (AC +1)


Message History

You block the seven-headed hydra's attack.
The seven-headed hydra bites you!
You block the seven-headed hydra's attack.
The seven-headed hydra bites you.
The seven-headed hydra closely misses you.
The seven-headed hydra bites you.
You block the seven-headed hydra's attack.
The dream sheep moves out of view.
You see here a yak corpse.
You spin and attack the seven-headed hydra repeatedly.
You rip one of the seven-headed hydra's heads off!
The six-headed hydra grows two more!
You scratch the eight-headed hydra.
The eight-headed hydra is lightly wounded.
You tear one of the eight-headed hydra's heads off!
The seven-headed hydra grows two more!
You claw the nine-headed hydra!
The nine-headed hydra is moderately wounded.
You block the nine-headed hydra's attack.
The nine-headed hydra bites you! The nine-headed hydra bites you. x2
You block the nine-headed hydra's attack.
The nine-headed hydra bites you!
You block the nine-headed hydra's attack.
The nine-headed hydra completely misses you.
The nine-headed hydra misses you.
The dream sheep shake their wool and sparkle.
You feel drowsy...
You fall asleep.
The yak gores you!!
You wake up.
You see here a yak corpse.
You open the door.
A torpor snail comes into view.
You block the nine-headed hydra's attack. x3
The nine-headed hydra bites you.
You block the nine-headed hydra's attack. x2
The nine-headed hydra bites you!
* * * LOW HITPOINT WARNING * * *
The nine-headed hydra bites you!
* * * LOW HITPOINT WARNING * * *
The nine-headed hydra bites you!
* * * LOW HITPOINT WARNING * * *
The yak gores you!
You die...

... ... ... ..
.#.... ...# ..
...... .....#.
......
..⌠..#.####......
......○#§☼☼#....
.w...☼#○°○§.#
⌠.<.⌠YYD○○§⌠#
....SYY@☼°☼.#
.....Y##°°§##
..⌠..# ##○.#
....) #.>## ...#
##.. ... ##.. .#
##. ..


You could see a nine-headed hydra, 2 yaks and 3 dream sheep.

Vanquished Creatures
  Harold (D:9)
  2 hydras
  3 boulder beetles
  3 two-headed ogres
  A deep elf pyromancer (D:12)
  2 ugly things
  3 manticores
  A cyclops (D:11)
  A black mamba (Lair:2)
  A gargoyle (D:10)
  9 cane toads
  3 kobold demonologists
  2 unseen horrors
  4 rime drakes
  5 komodo dragons
  2 hornets (D:7)
  14 blink frogs
  3 wraiths
  42 yaks
  2 vampires
  2 wyverns
  A basilisk (Lair:2)
  2 shadows (D:9)
  A steam dragon (D:8)
  4 vampire mosquitoes (D:12)
  A naga (Lair:2)
  18 water moccasins
  Duvessa (D:6)
  4 orc warriors
  4 black bears
  A sky beast (D:8)
  5 ice beasts
  7 wolves
  6 centaurs
  2 ogres
  A phantom (D:5)
  8 kobold brigands
  3 gnoll sergeants
  10 bullfrogs
  3 scorpions
  9 wights
  Dowan (D:6)
  20 killer bees
  2 electric eels
  6 howler monkeys
  4 crimson imps (D:4)
  A lava snake (D:9)
  A jelly (D:5)
  3 hounds
  2 orc priests
  5 iguanas
  3 sleepcaps
  5 orc wizards
  4 hell rats (Lair:1)
  16 gnolls
  10 adders
  A white imp (D:6)
  4 ufetubi
  A worm (D:3)
  6 dart slugs
  39 orcs
  5 ball pythons
  10 endoplasms
  6 giant cockroaches
  5 hobgoblins
  3 quokkas
  5 bats
  2 frilled lizards
  4 goblins
  29 kobolds
  2 rats
402 creatures vanquished.

Notes
Turn   | Place    | Note
-------+----------+-------------------------------------------
     0 | D:1      | FakeRyeBread the Troll Fighter began the quest for the Orb.
     0 | D:1      | Reached XP level 1. HP: 22/22 MP: 0/0
   259 | D:1      | Reached XP level 2. HP: 29/29 MP: 1/1
   322 | D:1      | Found a faded altar of an unknown god.
   327 | D:1      | Got Plato's Incunable of Feathers
   894 | D:2      | Reached XP level 3. HP: 36/36 MP: 2/2
   942 | D:2      | Reached skill level 3 in Unarmed Combat
  1067 | D:2      | Identified the blade talisman of Mirth {rCorr Int-5 SInv}
  1154 | D:2      | Found Luoczeirgh's Antique Weapon Shoppe.
  1585 | D:2      | Reached XP level 4. HP: 44/44 MP: 3/3
  1911 | D:3      | Found Rein's Distillery.
  1918 | D:3      | Bought a potion of curing for 42 gold pieces
  1937 | D:3      | Found Sopoebid's Antique Weapon Shop.
  1999 | D:3      | Found Ytihicot's Antique Armour Emporium.
  2099 | D:3      | Found a faded altar of an unknown god.
  2401 | D:3      | Found Xushreo's Weapon Emporium.
  2476 | D:3      | Found a shimmering blue altar of Sif Muna.
  2724 | D:4      | Found a snail-covered altar of Cheibriados.
  2799 | D:4      | Found a shimmering altar of Xom.
  2806 | D:4      | Reached skill level 4 in Unarmed Combat
  2806 | D:4      | Reached XP level 5. HP: 53/53 MP: 4/4
  2839 | D:4      | Found Mygilol's General Store.
  2847 | D:4      | Noticed an ogre
  2853 | D:4      | Killed an ogre
  2854 | D:4      | Reached XP level 6. HP: 53/61 MP: 5/5
  2879 | D:4      | Bought a potion of heal wounds for 55 gold pieces
  2879 | D:4      | Bought a scroll of identify for 22 gold pieces
  2879 | D:4      | Bought a scroll of identify for 22 gold pieces
  2965 | D:4      | Found a burning altar of Makhleb.
  2971 | D:4      | Found a hazy altar of Hepliaklqana.
  3081 | D:4      | Reached skill level 5 in Unarmed Combat
  3287 | D:5      | Entered Level 5 of the Dungeon
  3362 | D:5      | Reached XP level 7. HP: 53/68 MP: 6/6
  3480 | D:5      | Reached skill level 6 in Unarmed Combat
  4499 | D:6      | Reached skill level 5 in Shields
  4499 | D:6      | Reached skill level 7 in Unarmed Combat
  4499 | D:6      | Reached XP level 8. HP: 79/79 MP: 7/7
  4539 | D:6      | Noticed Dowan
  4540 | D:6      | Noticed Duvessa
  4547 | D:6      | Killed Duvessa
  4549 | D:6      | Killed Dowan
  4618 | D:6      | Found a staircase to the Ecumenical Temple.
  4759 | D:6      | Reached skill level 5 in Fighting
  4884 | D:6      | Reached skill level 8 in Unarmed Combat
  4907 | D:6      | Found a broken altar of Ashenzari.
  5398 | D:7      | Identified the staff of the Turnip {rPois rN+ Str+6 Stlth-
                  | Conj}
  5521 | D:7      | Reached XP level 9. HP: 77/88 MP: 8/8
  5850 | D:7      | Reached skill level 9 in Unarmed Combat
  6341 | Temple   | Entered the Ecumenical Temple
  6350 | Temple   | Became a worshipper of the Wu Jian Council
  6529 | D:8      | Found Xoettomom's General Store.
  6569 | D:8      | Found Suihips's Assorted Antiques.
  6596 | D:8      | Bought a yellow potion for 28 gold pieces
  6596 | D:8      | Bought a scroll of identify for 64 gold pieces
  6596 | D:8      | Bought a scroll of identify for 64 gold pieces
  6596 | D:8      | Bought a scroll labelled KOIZXAICOXT for 32 gold pieces
  6669 | D:8      | Reached skill level 10 in Unarmed Combat
  6811 | D:8      | Reached * piety under Wu Jian
  6821 | D:8      | Reached XP level 10. HP: 78/98 MP: 9/9
  6875 | D:8      | Found a shadowy altar of Dithmenos.
  6924 | D:8      | Found a hide-covered altar of Uskayaw.
  6983 | D:8      | Found Wutt's Antique Weapon Boutique.
  7037 | D:8      | Found a basalt altar of Yredelemnul.
  7048 | D:8      | Found a glowing golden altar of the Shining One.
  7050 | D:8      | Noticed an angel
  7080 | D:8      | Found Paesm's Distillery.
  7085 | D:8      | Bought a potion of heal wounds for 50 gold pieces
  7310 | D:9      | Found a staircase to the Lair.
  7718 | D:9      | Reached ** piety under Wu Jian
  7878 | D:9      | Reached skill level 11 in Unarmed Combat
  8015 | D:9      | Noticed Harold
  8022 | D:9      | Killed Harold
  8023 | D:9      | Reached skill level 5 in Dodging
  8141 | D:10     | Entered Level 10 of the Dungeon
  8356 | D:10     | Found a runed translucent gate.
  8357 | D:10     | Found a runed translucent gate.
  8358 | D:10     | Found a runed translucent gate.
  8359 | D:10     | Found an opulent altar of Gozag.
  8359 | D:10     | Noticed an obsidian statue
  8359 | D:10     | Noticed a great orb of eyes
  8360 | D:10     | Noticed javelincjr's ghost (journeyman DsSh)
  8360 | D:10     | Noticed a cyclops
  8360 | D:10     | Noticed an eight-headed hydra
  8395 | D:10     | Found Quosotz's General Store.
  8403 | D:10     | Bought a scroll of blinking for 97 gold pieces
  8438 | D:10     | Reached XP level 11. HP: 109/109 MP: 10/10
  8459 | D:10     | Noticed a two-headed ogre
  8471 | D:10     | Killed a two-headed ogre
  8827 | D:10     | Found Kurikh's Assorted Antiques.
  8859 | D:10     | Found Amut's Antique Weapon Shop.
  8893 | D:10     | Found a bloodstained altar of Trog.
  9071 | D:11     | Reached skill level 12 in Unarmed Combat
  9071 | D:11     | Found a staircase to the Orcish Mines.
  9073 | D:11     | You fall into a shaft and drop 1 floor!
  9147 | D:12     | Noticed a two-headed ogre
  9157 | D:12     | Killed a two-headed ogre
  9225 | D:11     | Noticed a white ugly thing
  9232 | D:11     | Killed a white ugly thing
  9242 | D:11     | Found Werit's General Store.
  9298 | D:11     | Reached *** piety under Wu Jian
  9582 | D:11     | Noticed a boulder beetle
  9608 | D:11     | Killed a boulder beetle
  9770 | D:12     | Noticed a boulder beetle
  9786 | D:12     | Killed a boulder beetle
  9827 | D:12     | Noticed a boulder beetle
  9835 | D:12     | Killed a boulder beetle
  9836 | D:12     | Reached skill level 13 in Unarmed Combat
  9868 | D:12     | Noticed a two-headed ogre
  9907 | D:12     | Killed a two-headed ogre
  9908 | D:12     | Reached XP level 12. HP: 98/120 MP: 11/11
 10834 | Lair:1   | Entered Level 1 of the Lair of Beasts
 10908 | Lair:1   | Reached **** piety under Wu Jian
 11077 | Lair:1   | Reached skill level 14 in Unarmed Combat
 11828 | Lair:1   | Reached ***** piety under Wu Jian
 12144 | Lair:2   | Reached skill level 10 in Shields
 12200 | Lair:2   | Reached XP level 13. HP: 109/131 MP: 12/12
 12711 | Lair:2   | Found a staircase to the Swamp.
 12787 | Lair:2   | Found a staircase to the Snake Pit.
 13151 | Lair:3   | Reached skill level 15 in Unarmed Combat
 14456 | Gauntlet | Identified the of Pewupset
 14477 | Lair:4   | Slain by a yak

Illustrated notes

Levels and vault maps discovered:
D:1:      amcnicky_arrival_feature_with_door, layout_loops_corners,
          shapermc_ecumenical_altar_rom_forum, hex_medium
D:2:      layout_loops_corners, serial_shops, nicolae_shop_peninsula,
          amcnicky_mini_corridor_feature, st_stairs_1
D:3:      layout_loops_ring, nicolae_overflow_ecumenical_swirl, serial_shops,
          nicolae_shop_back_alley_shop, nicolae_shop_hallway_plus,
          nicolae_shop_gibbet_a_chance, nicolae_lakefront_shop,
          roderic_lattice_a, serial_bayou_pond_d
D:4:      layout_basic, led_xom_imps, general_overflow_altar,
          mainiacjoe_overflow_large_starburst, serial_shops,
          nicolae_shop_waterfront, minmay_crystal_water
D:5:      layout_basic, nicolae_hexahallways
D:6:      layout_gridville, ashenzari_altar_1, minmay_temple_entry_from_below_a,
          uniq_duvessa
D:7:      layout_loops_ring, lightli_orcish_oven
D:8:      layout_rooms, grunt_temple_overflow_holy_war,
          nicolae_dithmenos_the_darkroom, kennysheep_mini, serial_shops,
          shop_fountains, kennysheep_mini_moat, nicolae_shop_trees, shop,
          eino_jars
D:9:      layout_roguey, hellmonk_lair_entry_icy, nicolae_lava_and_water,
          uniq_harold
D:10:     layout_basic, lemuel_round_altar, ebering_ghost_gozag, serial_shops,
          shop, nicolae_shop_back_alley_shop, shop,
          minmay_fractal_squares_diagonal_5
D:11:     layout_rooms, david_orc_3, serial_shops, nicolae_diamond_shop
D:12:     layout_gridville, hangedman_abyss_or_decor_passed
Temple:   jpeg_temple_clearing
Lair:1:   layout_cellular_growth, serial_bayou_pond_a, beast_lair_carwin_9,
          infiniplex_staircase_pool_2, grunt_megastairs_1
Lair:2:   layout_cave_pods, swamp_mist_pool, guppyfry_snake_entry_garden
Lair:3:   layout_cave_pods, grunt_megastairs_5
Lair:4:   layout_misc_corridors, gauntlet_entry_generic, lemuel_fruit_tree,
          grunt_megastairs_3

Skill      XL: |  1  2  3  4  5  6  7  8  9 10 11 12 13 |
---------------+----------------------------------------+-----
Shields        | 3 4 5 6 7 9 10 | 10.4
Unarmed Combat | 3 4 5 7 8 10 11 13 14 15 | 15.3
Fighting       | 3 4 5 6 7 8 9 |  9.5
Dodging        | 4 5 6 7 8 |  8.1

Action                     |  1- 3 |  4- 6 |  7- 9 | 10-12 | 13-15 || total
---------------------------+-------+-------+-------+-------+-------++-------
  Melee: Unarmed           |    78 |   109 |   339 |   592 |   180 ||  1298
  Throw: Stone             |       |     9 |     6 |     5 |       ||    20
 Invoke: Serpent's Lash    |       |       |       |       |     4 ||     4
         Heavenly Storm    |       |       |       |       |     1 ||     1
Ability: Lunge             |       |       |    13 |    35 |    17 ||    65
         Whirlwind         |       |       |       |    74 |    43 ||   117
  Evoke: Wand              |       |       |     5 |    12 |    17 ||    34
    Use: Scroll            |       |    13 |     7 |    11 |     1 ||    32
         Potion            |       |       |     2 |     5 |     1 ||     8
   Stab: Distracted        |       |     1 |       |       |       ||     1
 Armour: Robe              |    39 |    52 |   153 |   270 |    81 ||   595
  Dodge: Dodged            |    23 |    16 |    99 |   176 |    58 ||   372
  Block: Kite shield       |    18 |    54 |   194 |   387 |    98 ||   751

Table legend: (Time is in decaauts)
 A = Elapsed time spent in this place.
 B = Non-inter-level travel time spent in this place.
 C = Inter-level travel time spent in this place.
 D = Time resting spent in this place.
 E = Time spent auto-exploring this place.
 F = Levels seen in this place.
 G = Mean time per level.
                   A        B        C        D        E       F      G
               +--------+--------+--------+--------+--------+-----+--------+
         Total |  14405 |  12371 |   2034 |    898 |   8571 |  17 |  847.4 |
       Dungeon |  10881 |   9744 |   1137 |    696 |   6983 |  12 |  906.8 |
        Temple |     18 |      1 |     17 |      0 |      0 |   1 |   18.0 |
          Lair |   3505 |   2625 |    880 |    202 |   1588 |   4 |  876.2 |
               +--------+--------+--------+--------+--------+-----+--------+

Top non-repeatable levels by time:
  Lair:1: 1282 daAuts
     D:5: 1188 daAuts
  Lair:3: 1149 daAuts
    D:12: 1110 daAuts
     D:3: 1074 daAuts
  Lair:2: 1054 daAuts
     D:6: 1011 daAuts
     D:7: 984 daAuts
     D:8: 912 daAuts
    D:10: 893 daAuts
     D:9: 859 daAuts
     D:2: 859 daAuts
     D:1: 759 daAuts
    D:11: 622 daAuts
     D:4: 605 daAuts
